 Dungeon Crawl Stone Soup version 0.19-a0-1682-g5114f93 (webtiles) character file.

5089 Duffy the Cleaver (level 10, -3/75 (76) HPs)
             Began as a Formicid Gladiator on Sept 24, 2016.
             Was an Elder of Cheibriados.
             Slain by a hill giant
             ... wielding a +0 giant club
              (23 damage)
             ... on level 10 of the Dungeon.
             The game lasted 00:27:53 (10895 turns).

Duffy the Cleaver (Formicid Gladiator)             Turns: 10895, Time: 00:27:53

HP:   -3/75 (76)    AC: 16    Str: 29    XL:     10   Next: 87%
MP:   10/10         EV: 12    Int: 17    God:    Cheibriados [****..]
Gold: 420           SH:  0    Dex: 23    Spells: 0 memorised, 9 levels left

rFire  + . .     SeeInvis +     A - +0 battleaxe
rCold  . . .     Gourm    .     o - +0 plate armour
rNeg   . . .     Faith    .     (no shield)
rPois  +         Spirit   .     (helmet unavailable)
rElec  .         Dismiss  .     (no cloak)
rCorr  .         Reflect  .     (no gloves)
MR     +....     Harm     .     n - +0 pair of boots
Stlth  ..........               (no amulet)
                                u - ring of poison resistance
                                g - ring of protection from fire

@: very slow
A: permanent stasis, dig shafts and tunnels, four strong arms, antennae 3
a: Dig, Shaft Self, Bend Time, Temporal Distortion, Slouch, Renounce Religion


You were on level 10 of the Dungeon.
You worshipped Cheibriados.
Cheibriados was greatly pleased with you.
You were not hungry.

You visited 2 branches of the dungeon, and saw 11 of its levels.
You also visited: Sewer.

You collected 420 gold pieces.

Inventory:

Hand Weapons
 a - a +1 war axe
 b - a +4 dagger of venom
 h - a +4 scimitar of flaming
 A - a +0 battleaxe (weapon)
 E - a -2 executioner's axe
Missiles
 p - a throwing net (quivered) {!f}
 s - 12 tomahawks
Armour
 n - a +0 pair of boots (worn)
 o - a +0 plate armour (worn)
Jewellery
 e - an uncursed ring of magical power
 g - a ring of protection from fire (left hand)
 j - an uncursed ring of positive energy
 u - a ring of poison resistance (right hand)
Wands
 r - a wand of acid (5/15)
 v - a wand of slowing (22/48)
 y - a wand of flame (15/48)
Scrolls
 l - 6 scrolls of remove curse
 m - 2 scrolls of magic mapping
 q - 2 scrolls of enchant weapon
 w - a scroll of fog
 x - 3 scrolls of fear
 z - a scroll of identify
Potions
 c - a potion of cure mutation
 f - a potion of heal wounds
 t - 3 potions of flight
Comestibles
 d - 8 bread rations
 i - 4 meat rations
 k - 2 fruits
 B - 5 chunks of flesh


   Skills:
 + Level 5.9 Fighting
 + Level 11.2 Axes
 - Level 2.0 Throwing
 - Level 8.0 Armour
 - Level 6.0 Dodging


You had 9 spell levels left.
You didn't know any spells.

Dungeon Overview and Level Annotations

Branches:
Dungeon (10/15)            Temple (1/1) D:6            Lair (0/6) D:8
    Orc: D:9-12

Altars:
Ashenzari
Cheibriados
Dithmenos
Elyvilon
Fedhas
Gozag
Hepliaklqana
Kikubaaqudgha
Makhleb
Nemelex Xobeh
Okawaru
Qazlal
Ru
Sif Muna
Trog
Uskayaw
Vehumet
Xom
Yredelemnul
Zin
The Shining One
Jiyva

Shops:
D:5 (   D:7 =

Annotations:
D:3 1 runed door
D:8 exclusion: sensed monster (detected)


Innate Abilities, Weirdness & Mutations

You are under a permanent stasis effect.
You can dig through walls and to a lower floor.
Your four strong arms can wield two-handed weapons with a shield.
You have a pair of large antennae on your head. (SInv)


Message History

The hill giant is moderately wounded.
Your plate armour prevents you from hitting the hill giant.
The hill giant is moderately wounded.
The hill giant misses you.
You slash the hill giant!
The hill giant is heavily wounded.
The hill giant closely misses you.
You slash the hill giant!
The hill giant is severely wounded.
The hill giant hits you with a giant club!
You hit the hill giant.
The hill giant is severely wounded.
The hill giant hits you with a giant club!!
You slash the hill giant!
The hill giant is almost dead.
The hill giant closely misses you.
You slash the hill giant!
The hill giant is almost dead.
The hill giant hits you with a giant club!!
You die...
PP~

#.# ~P~7 #.# !. ~~P~~
#.# .# ~;P #.# ##. ...
#.# #.. 7.# #.## #.# ##
#.C##..# #.##.##
7##....#.######.#...###
7......###C@............
####....#.######.#...##
##.##.## #.# ## ## #.#
#.# #.# ###.# #.#
##[#<### #.# ##.#%)..#
#.###[#####.#
#.##.######.#####


You could see a hill giant.

Vanquished Creatures
  Erica (D:8)
  An efreet (D:9)
  2 trolls (D:10)
  Sigmund (D:5)
  A human (D:9)
  5 orc warriors
  A black bear (D:7)
  2 necrophages
  3 ogres
  2 phantoms
  2 centaurs
  A big kobold (D:9)
  6 bullfrogs
  7 scorpions
  A howler monkey (D:7)
  4 jellies
  4 crimson imps
  A quasit (D:9)
  A centaur zombie (D:8)
  A bullfrog skeleton (D:9)
  4 orc priests
  4 hounds
  A centaur skeleton (D:5)
  Ijyb (D:2)
  2 iguanas
  5 orc wizards
  5 worker ants
  A killer bee zombie (D:8)
  A hound skeleton (D:7)
  A howler monkey zombie (D:7)
  Robin (D:3)
  11 adders
  5 gnolls
  3 oozes (D:3)
  2 adder skeletons
  2 dart slugs (D:1)
  5 leopard geckos
  25 orcs
  5 giant cockroaches
  19 goblins
  14 hobgoblins
  20 jackals
  6 kobolds
  3 quokkas
  4 ball pythons
  10 bats
  10 frilled lizards
  3 rats
  A fungus (D:6)
221 creatures vanquished.

Vanquished Creatures (others)
  3 plants
3 creatures vanquished.

Grand Total: 224 creatures vanquished

Notes
Turn   | Place    | Note
-------+----------+-------------------------------------------
     0 | D:1      | Duffy the Formicid Gladiator began the quest for the Orb.
     0 | D:1      | Reached XP level 1. HP: 16/16 MP: 1/1
   452 | D:1      | Found an iron altar of Okawaru.
   469 | D:1      | Reached XP level 2. HP: 21/22 MP: 2/2
   805 | D:1      | Reached skill level 4 in Axes
   805 | D:1      | Reached XP level 3. HP: 27/27 MP: 3/3
  1340 | D:2      | Noticed Ijyb
  1352 | D:2      | Killed Ijyb
  1352 | D:2      | Reached XP level 4. HP: 32/33 MP: 4/4
  1563 | D:2      | Reached skill level 5 in Axes
  2413 | D:3      | Reached XP level 5. HP: 37/39 MP: 5/5
  2464 | D:3      | Found a runed door.
  2493 | D:3      | Found a sacrificial altar of Ru.
  2506 | D:3      | Found a glowing drain.
  2555 | Sewer    | Entered a sewer
  2724 | D:3      | Reached skill level 1 in Armour
  2887 | D:3      | Noticed Robin
  2930 | D:3      | Killed Robin
  3090 | D:3      | Reached XP level 6. HP: 46/46 MP: 6/6
  3315 | D:4      | Reached skill level 2 in Armour
  3430 | D:4      | Found an ancient bone altar of Kikubaaqudgha.
  3434 | D:4      | Found a hazy altar of Hepliaklqana.
  3613 | D:4      | Reached skill level 6 in Axes
  3613 | D:4      | Reached skill level 3 in Armour
  4039 | D:5      | Entered Level 5 of the Dungeon
  4044 | D:5      | Noticed a phantom
  4070 | D:4      | Killed a phantom
  4070 | D:4      | Reached XP level 7. HP: 23/51 MP: 7/7
  4343 | D:5      | Found Jeqodaul's Weapon Shop.
  4364 | D:5      | Noticed Sigmund
  4388 | D:5      | Killed Sigmund
  4388 | D:5      | Reached skill level 5 in Armour
  4675 | D:4      | Reached skill level 3 in Fighting
  4970 | D:4      | Reached XP level 8. HP: 50/58 MP: 8/8
  5345 | D:4      | Reached skill level 7 in Axes
  5458 | D:4      | Reached skill level 4 in Fighting
  5469 | D:4      | Found a white marble altar of Elyvilon.
  5717 | D:6      | Found a staircase to the Ecumenical Temple.
  5726 | Temple   | Entered the Ecumenical Temple
  5814 | Temple   | Became a worshipper of Cheibriados the Contemplative
  5963 | D:5      | Found a shimmering altar of Xom.
  6006 | D:5      | Reached skill level 5 in Fighting
  6502 | D:6      | Reached skill level 8 in Axes
  6532 | D:6      | Reached skill level 6 in Armour
  6599 | D:6      | Reached * piety under Cheibriados
  6681 | D:5      | Reached XP level 9. HP: 65/68 MP: 9/9
  7117 | D:7      | Reached skill level 3 in Dodging
  7457 | D:7      | Reached skill level 9 in Axes
  7464 | D:7      | Reached ** piety under Cheibriados
  7505 | D:7      | Reached skill level 4 in Dodging
  7592 | D:7      | Found Fumalagam's Jewellery Shoppe.
  8468 | D:8      | Noticed Erica
  8491 | D:8      | Killed Erica
  8491 | D:8      | Reached skill level 10 in Axes
  8491 | D:8      | Reached skill level 5 in Dodging
  8491 | D:8      | Reached XP level 10. HP: 41/74 MP: 10/10
  8681 | D:8      | Found a viscous altar of Jiyva.
  8719 | D:8      | Reached skill level 6 in Dodging
  8894 | D:8      | Reached skill level 7 in Armour
  9071 | D:8      | Found a staircase to the Lair.
  9092 | D:8      | Reached *** piety under Cheibriados
  9458 | D:9      | Noticed an efreet
  9459 | D:9      | Noticed a komodo dragon
  9470 | D:9      | Killed an efreet
  9803 | D:9      | Reached skill level 8 in Armour
 10052 | D:9      | Reached skill level 11 in Axes
 10323 | D:10     | Entered Level 10 of the Dungeon
 10353 | D:10     | Noticed a deep elf mage
 10813 | D:10     | Reached **** piety under Cheibriados
 10884 | D:10     | Noticed a hill giant
 10895 | D:10     | Slain by a hill giant

Vault maps used:
D:1:      onia_arrival_mini_spirals, minivault_27, okawaru_ov_weapons_minmay
D:2:      uniq_iyjb
D:3:      lemuel_round_altar, gup_sewer_entry_glass,
          minmay_misc_feat_secret_circle, uniq_crazy_yiuf_cottage, uniq_robin
D:4:      corexii_shack_village, minitemple, first_bread, lemuel_tele_altar
D:5:      serial_shops, shop_statue, led_xom_imps, uniq_sigmund
D:6:      old_forge, kennysheep_big_empty_room, minmay_misc_feat_cross
D:7:      serial_shops, nicolae_shop_temple_entry_statues_fountains
D:8:      david_lair_shrubbed, special_room, jiyva_altar_1, uniq_erica
D:9:      minmay_bloctagon_deflated
D:10:     basic_altar, serial_bayou, serial_bayou_pond_b, serial_bayou_lagoon_b,
          serial_bayou_shore_b, serial_bayou_pond_c, hangedman_stone_soup
Temple:   compressed_dpeg_circular_temple
Sewer:    sewer_co_purgy_island

Skill      XL: |  1  2  3  4  5  6  7  8  9 10 |
---------------+-------------------------------+-----
Axes           | 4 5 6 8 10 11 | 11.2
Armour         | 1 3 5 6 8 |  8.0
Fighting       | 3 5 |  5.9
Dodging        | 5 6 |  6.0
Throwing       | |  2.0

Action                   |  1- 3 |  4- 6 |  7- 9 | 10-12 || total
-------------------------+-------+-------+-------+-------++-------
Melee: War axe           |    73 |   247 |   376 |   124 ||   820
       Dagger            |       |       |    21 |       ||    21
       Battleaxe         |       |       |       |    14 ||    14
Throw: Throwing net      |     8 |     2 |     1 |     1 ||    12
       Tomahawk          |       |       |       |     1 ||     1
 Abil: Dig               |     2 |    14 |    22 |    17 ||    55
Evoke: Wand              |       |       |     2 |     3 ||     5
  Use: Scroll            |     3 |     5 |     7 |     3 ||    18
       Potion            |       |       |     7 |       ||     7
 Stab: Held in net/web   |     1 |     1 |       |     2 ||     4
  Eat: Chunk             |     2 |    10 |    11 |     4 ||    27
       Fruit             |       |     2 |       |     1 ||     3
       Beef jerky        |       |       |     2 |       ||     2
       Pizza             |       |       |       |     1 ||     1
Armor: Leather armour    |    20 |       |       |       ||    20
       Plate armour      |       |   136 |   206 |    83 ||   425
       Ring mail         |       |    19 |       |       ||    19
Dodge: Dodged            |    45 |    95 |   164 |   103 ||   407
